 Dungeon Crawl Stone Soup version 0.28-a0-43-g560ac104fe (webtiles) character file.

Game seed: 13106573613601313081

13020 wakim the Covert (level 12, -17/70 HPs)
             Began as a Kobold Enchanter on July 28, 2021.
             Was a Follower of Uskayaw.
             Demolished by a minotaur (32 damage)
             ... in a Gauntlet.
             The game lasted 00:50:34 (16864 turns).

wakim the Covert (Kobold Enchanter)                Turns: 16864, Time: 00:50:35

Health: -17/70     AC:  6    Str:  5    XL:     12   Next: 27%
Magic:  8/18       EV: 23    Int: 17    God:    Uskayaw [*.....]
Gold:   435        SH:  9    Dex: 26    Spells: 5/17 levels left

rFire   + + .      SeeInvis .   b - +5 short sword
rCold   + + .      Faith    .   i - +2 buckler
rNeg    + . .      Spirit   .   d - +2 robe {rC+ rF+}
rPois   .          Reflect  .   y - +1 hat
rElec   .          Harm     .   r - scarf {rC+ rF+}
rCorr   .          Rampage  .   D - +0 pair of gloves {archery}
Will    .....      NoTele   +   (no boots)
Stlth   +++++++...              k - amulet of magic regeneration
HPRegen 0.21/turn               h - ring of positive energy
MPRegen 0.41/turn               l - +6 ring of dexterity

@: lethally poisoned (-17 -> -20)
A: small, no large weapons, nightstalker 3
a: Renounce Religion, Stomp


You were in a Gauntlet.
You worshipped Uskayaw.
Uskayaw was aware of your devotion.
You visited 3 branches of the dungeon, and saw 12 of its levels.
You also visited: Sewer and Gauntlet.

You collected 534 gold pieces.
You spent 99 gold pieces at shops.

Inventory:

Hand Weapons
 a - a +2 dagger of venom
 b - a +5 short sword (weapon)
Armour
 d - a +2 robe of resistance (worn)
 g - +0 acid dragon scales
 i - a +2 buckler (worn)
 p - a +2 leather armour of willpower
 q - a +0 cloak
 r - a scarf of resistance (worn)
 y - a +1 hat (worn)
 D - a +0 pair of gloves of archery (worn)
Jewellery
 h - a ring of positive energy (left hand)
 k - an amulet of magic regeneration (around neck)
 l - a +6 ring of dexterity (right hand)
 u - a ring of ice
 v - a ring of wizardry
 A - a ring of ice
Wands
 t - a wand of digging (5)
 w - a wand of acid (22)
 x - a wand of iceblast (19)
Scrolls
 j - 5 scrolls of amnesia
 n - 2 scrolls of enchant armour
 z - a scroll of fear {unknown}
 S - a scroll of summoning
 T - 5 scrolls of teleportation
 X - 2 scrolls of fog
 Y - 3 scrolls of blinking {!r}
Potions
 c - a potion of cancellation {unknown}
 e - a potion of might {unknown}
 f - a potion of invisibility {unknown}
 m - a potion of curing {unknown}
 o - a potion of brilliance {unknown}
 s - a potion of haste {unknown}
 B - 2 potions of attraction {!q}
 G - 2 potions of flight
 J - 3 potions of heal wounds
 M - a potion of mutation {!q}


   Skills:
 - Level 6.0 Fighting
 + Level 10.2 Short Blades
 + Level 9.1 Dodging
 - Level 12.0 Stealth
 * Level 2.1 Shields
 - Level 3.0 Spellcasting
 - Level 3.0 Conjurations
 - Level 8.0 Hexes
 - Level 0.1 Translocations
 - Level 3.0 Ice Magic
 - Level 8.6 Invocations


You had 5 spell levels left.
You knew the following spells:

 Your Spells              Type           Power      Damage    Failure   Level
a - Corona                Hex            32%        N/A       1%          1
b - Confusing Touch       Hex            29%        N/A       2%          3
c - Dazzling Flash        Conj/Hex       42%        N/A       8%          3
d - Tukima's Dance        Hex            29%        N/A       2%          3
x - Ensorcelled Hibernat  Hex/Ice        42%        N/A       3%          2

Your spell library contained the following spells:

 Spells                   Type           Power      Damage    Failure   Level
 Slow                     Hex            29%        N/A       1%          2
 Cause Fear               Hex            14%        N/A       9%          4
 Foxfire                  Conj/Fire      28%        2x1d5     13%         1
 Shock                    Conj/Air       28%        1d4       13%         1
 Inner Flame              Hex/Fire       16%        N/A       14%         3
 Summon Guardian Golem    Hex/Summ       16%        N/A       14%         3
 Apportation              Tloc           6%         N/A       22%         1
 Summon Small Mammal      Summ           8%         N/A       24%         1
 Conjure Flame            Conj/Fire      7%         6-21      36%         3
 Gell's Gravitas          Tloc           1%         N/A       54%         3
 Teleport Other           Tloc           3%         N/A       54%         3
 Call Canine Familiar     Summ           2%         N/A       56%         3
 Swiftness                Air            2%         N/A       56%         3
 Yara's Violent Unravell  Hex/Tmut       8%         3d5       77%         5
 Iskenderun's Battlesphe  Conj           12%        2d7       88%         5
 Airstrike                Air            1%         N/A       93%         4
 Alistair's Intoxication  Tmut/Pois      1%         N/A       100%        5
 Invisibility             Hex            14%        N/A       80%         6
 Dispersal                Tloc           1%         N/A       100%        6
 Iron Shot                Conj/Erth      3%         9d2       100%        6
 Spellforged Servitor     Conj/Summ      3%         N/A       100%        7
 Discord                  Hex            14%        N/A       100%        8


Dungeon Overview and Level Annotations

Branches:
Dungeon (10/15)            Temple (1/1) D:5            Lair (1/6) D:9
    Orc (0/2) D:10          Sewer (visited)         Gauntlet (1/1)

Altars:
Ashenzari
Cheibriados
Dithmenos
Elyvilon
Fedhas
Gozag
Hepliaklqana
Kikubaaqudgha
Makhleb
Nemelex Xobeh
Okawaru
Qazlal
Ru
Sif Muna
Trog
Uskayaw
Vehumet
Wu Jian
Xom
Yredelemnul
Zin
The Shining One
Lugonu

Shops:
D:4 [   D:10 (

Annotations:
D:7 3 runed translucent doors, Sandman25's ghost, novice DjFE
D:8 2 transporters, p0werm0de's ghost, novice MiCK
D:9 2 transporters, quino's ghost, journeyman DsFi Gauntlet 19 runed translucent doors, 6 transporters, exclusion: lightning spire


Innate Abilities, Weirdness & Mutations

You are small and have problems with some larger weapons.
You are completely attuned to the shadows.


Message History

You start resting.
HP restored.
Really walk into a travel-excluded area?
There is a transporter here.
You see here 20 gold pieces.
You now have 435 gold pieces (gained 20).
There is a transporter here.
You hit the lightning spire but do no damage.
The lightning spire is lightly damaged.
You enter the transporter and appear at another place.
You open the door.
A minotaur comes into view. It is wielding a +0 trident of venom.
The minotaur bellows!
The minotaur throws a javelin.
The javelin pierces through you!!
Found a curved smoking staff.
Found a gate leading back out of this place.
There is an open door, spattered with blood here.
Press: ? - help, v - describe, . - travel
Here: a minotaur, wielding a +0 trident of venom, wearing a +0 plate armour and quivering javelins The floor.
Casting: Ensorcelled Hibernation (safe; 3% risk of failure)
Confirm with . or Enter, or press ? or * to list all spells.
The minotaur hits you but does no damage.
You are poisoned.
Casting: Dazzling Flash (dangerous; 8% risk of failure)
Confirm with . or Enter, or press ? or * to list all spells.
You feel very sick.
The minotaur throws a javelin.
The javelin pierces through you!
* * * LOW HITPOINT WARNING * * *
Casting: Dazzling Flash (dangerous; 8% risk of failure)
Confirm with . or Enter, or press ? or * to list all spells.
You feel sick.
The minotaur throws a javelin.
The javelin pierces through you!
* * * LOW HITPOINT WARNING * * *
Okay, then.
Casting: Dazzling Flash (dangerous; 8% risk of failure)
Confirm with . or Enter, or press ? or * to list all spells.
You feel sick. The minotaur closely misses you.
You feel sick.
The minotaur hits you from afar with a +0 trident of venom!!
You die...

≈∩≈ ... ###H### #.....#
#######H#######
#.............#
#.###.###@###.#
#.###.###.###.#
#.............#
###.###.###.###
####.###.###.####
#...............#
#...............#
######......#####
###########.©..©.#########


You could see a minotaur.

Vanquished Creatures
  Erolcha (D:10)
  A centaur warrior (D:10)
  A sixfirhy (Gauntlet)
  The ghost of MoonlitKnight the Ducker, a novice MfVM (D:6)
  Pikel (D:5)
  Maggie (D:6)
  A kobold demonologist (D:9)
  Psyche (D:9)
  Prince Ribbit (D:5)
  2 hornets
  2 raiju (Gauntlet)
  2 shadows
  20 yaks
  A ynoxinul (Gauntlet)
  2 wyverns
  A vampire (D:9)
  A wraith (D:9)
  Eustachio (D:6)
  2 steam dragons
  A warg (D:10)
  Edmund (D:4)
  6 orc warriors
  3 water moccasins
  An ice beast (D:7)
  A sky beast (D:6)
  2 centaurs
  2 phantoms
  2 kobold brigands
  4 bullfrogs
  2 wyvern zombies
  2 scorpions
  3 killer bees (D:9)
  3 wights
  4 howler monkeys
  A bullfrog zombie (D:6)
  3 centaur skeletons (D:9)
  5 centaur zombies
  2 hounds
  A jelly (D:5)
  Crazy Yiuf (D:6)
  3 orc priests
  4 iron imps (Gauntlet)
  Terence (D:2)
  Jessica (D:3)
  4 iguanas
  9 orc wizards
  Ijyb (D:3)
  A centaur simulacrum (D:9)
  4 gnolls (D:7)
  9 adders
  2 shadow imps
  3 ufetubi (Gauntlet)
  An adder skeleton (D:2)
  4 worms
  3 dart slugs
  20 orcs
  8 ball pythons
  8 endoplasms
  7 giant cockroaches
  8 goblins
  8 hobgoblins
  8 jackals
  9 quokkas
  6 bats
  13 frilled lizards
  17 kobolds
  2 rats
257 creatures vanquished.

Vanquished Creatures (others)
  4 demonic plants (Gauntlet)
  35 plants (D:8)
39 creatures vanquished.

Grand Total: 296 creatures vanquished

Notes
Turn   | Place    | Note
-------+----------+-------------------------------------------
     0 | D:1      | wakim the Kobold Enchanter began the quest for the Orb.
     0 | D:1      | Reached XP level 1. HP: 10/10 MP: 3/3
   151 | D:1      | Reached XP level 2. HP: 11/15 MP: 3/5
   740 | D:1      | Learned a level 2 spell: Ensorcelled Hibernation
  1126 | D:1      | Reached XP level 3. HP: 19/19 MP: 3/6
  1744 | D:1      | Found a faded altar of an unknown god.
  2180 | D:2      | Reached skill level 1 in Ice Magic
  2643 | D:2      | Reached XP level 4. HP: 24/24 MP: 7/7
  2662 | D:2      | Noticed Terence
  2666 | D:2      | Killed Terence
  2876 | D:2      | Noticed a scorpion
  2881 | D:2      | Killed a scorpion
  2882 | D:2      | Reached XP level 5. HP: 28/28 MP: 8/8
  3362 | D:2      | Learned a level 3 spell: Tukima's Dance
  3957 | D:3      | Noticed Ijyb
  3961 | D:3      | Killed Ijyb
  3962 | D:3      | Reached XP level 6. HP: 32/32 MP: 6/9
  4111 | D:3      | Noticed Jessica
  4115 | D:3      | Killed Jessica
  4896 | D:4      | Found Cuxkipte's Antique Armour Boutique.
  4900 | D:4      | Bought a helmet for 99 gold pieces
  4944 | D:3      | Learned a level 3 spell: Confusing Touch
  4989 | D:4      | Reached skill level 5 in Short Blades
  5127 | D:4      | Reached skill level 5 in Stealth
  5481 | D:4      | Noticed Edmund
  5492 | D:4      | Killed Edmund
  5493 | D:4      | Reached skill level 6 in Stealth
  5493 | D:4      | Reached XP level 7. HP: 36/36 MP: 8/10
  5870 | D:5      | Entered Level 5 of the Dungeon
  6056 | D:5      | Found a staircase to the Ecumenical Temple.
  6063 | Temple   | Entered the Ecumenical Temple
  6144 | Temple   | Became a worshipper of Uskayaw the Reveller
  6281 | D:5      | Reached * piety under Uskayaw
  6306 | D:5      | Reached skill level 7 in Stealth
  6309 | D:5      | Found a hazy altar of Hepliaklqana.
  6319 | D:5      | Noticed Prince Ribbit
  6323 | D:5      | Killed Prince Ribbit
  6323 | D:5      | Reached ** piety under Uskayaw
  6324 | D:5      | Reached skill level 5 in Dodging
  6324 | D:5      | Reached skill level 1 in Invocations
  6324 | D:5      | Reached XP level 8. HP: 41/41 MP: 11/11
  6374 | D:5      | Reached skill level 8 in Stealth
  6532 | D:5      | Found a bloodstained altar of Trog.
  6794 | D:6      | Found a runed translucent door.
  6795 | D:6      | Noticed MoonlitKnight's ghost (novice MfVM)
  6804 | D:6      | Killed MoonlitKnight's ghost
  6805 | D:6      | Reached XP level 9. HP: 45/45 MP: 12/12
  6813 | D:6      | Noticed Pikel
  6831 | D:5      | Reached skill level 5 in Invocations
  6838 | D:5      | Killed Pikel
  7128 | D:6      | Found a glowing drain.
  7151 | Sewer    | Entered a sewer
  7895 | D:6      | Reached skill level 1 in Fighting
  7969 | D:6      | Noticed Maggie
  7971 | D:6      | Killed Maggie
  7972 | D:6      | Reached skill level 5 in Hexes
  7972 | D:6      | Reached XP level 10. HP: 52/52 MP: 14/14
  8169 | D:6      | Found a runed translucent door.
  8172 | D:6      | Noticed Crazy Yiuf
  8265 | D:6      | Noticed Eustachio
  8281 | D:6      | Killed Eustachio
  8581 | D:6      | Killed Crazy Yiuf
  8979 | D:7      | Found a snail-covered altar of Cheibriados.
  9010 | D:7      | Found a runed translucent gate.
  9011 | D:7      | Found a runed translucent gate.
  9014 | D:7      | Found a runed translucent gate.
  9039 | D:7      | Found a white marble altar of Elyvilon.
  9040 | D:7      | Found a sparkling altar of Nemelex Xobeh.
  9043 | D:7      | Found a shimmering altar of Xom.
  9044 | D:7      | Found a radiant altar of Vehumet.
  9045 | D:7      | Found a broken altar of Ashenzari.
  9052 | D:7      | Reached skill level 9 in Stealth
  9052 | D:7      | Found an opulent altar of Gozag.
  9052 | D:7      | Found a shadowy altar of Dithmenos.
  9070 | D:7      | Reached skill level 10 in Short Blades
  9447 | D:7      | Found an iron altar of Okawaru.
  9471 | D:7      | Learned a level 3 spell: Dazzling Flash
  9602 | D:7      | Found an opulent altar of Gozag.
  9602 | D:7      | Noticed a deep elf pyromancer
  9606 | D:7      | Noticed Sandman25's ghost (novice DjFE)
 10091 | D:8      | Reached skill level 1 in Conjurations
 10102 | D:8      | Reached *** piety under Uskayaw
 10103 | D:8      | Reached **** piety under Uskayaw
 10261 | D:8      | Found a shimmering blue altar of Sif Muna.
 10345 | D:8      | Reached skill level 10 in Stealth
 10448 | D:8      | Found a stormy altar of Qazlal.
 10552 | D:8      | Reached XP level 11. HP: 41/61 MP: 3/15
 10604 | D:8      | Reached skill level 11 in Stealth
 11105 | D:8      | Found a transporter.
 11337 | D:8      | Found a transporter.
 11644 | D:8      | Noticed p0werm0de's ghost (novice MiCK)
 11924 | D:9      | Found a staircase to the Lair.
 11950 | D:9      | Reached skill level 12 in Stealth
 11972 | D:9      | Noticed Psyche
 11976 | D:9      | Killed Psyche
 12507 | D:9      | Found a transporter.
 12532 | D:9      | Found a transporter.
 12549 | D:9      | Noticed quino's ghost (journeyman DsFi)
 13280 | D:10     | Entered Level 10 of the Dungeon
 13280 | D:10     | Noticed a centaur warrior
 13281 | D:10     | Killed a centaur warrior
 13282 | D:10     | Reached skill level 5 in Fighting
 13924 | D:10     | Reached ***** piety under Uskayaw
 14103 | D:10     | Noticed Erolcha
 14362 | D:10     | Found a staircase to the Orcish Mines.
 14596 | D:10     | Killed Erolcha
 14597 | D:10     | Reached XP level 12. HP: 56/70 MP: 14/18
 15080 | D:10     | Found Efel's Antique Weapon Boutique.
 15938 | Lair:1   | Entered Level 1 of the Lair of Beasts
 16024 | Lair:1   | Found a gate leading to a gauntlet.
 16031 | Gauntlet | Entered a Gauntlet
 16031 | Gauntlet | Found a large runed translucent door.
 16031 | Gauntlet | Found a large runed translucent door.
 16031 | Gauntlet | Found a large runed translucent door.
 16031 | Gauntlet | Found a large runed translucent door.
 16040 | Gauntlet | Found a runed translucent gate.
 16050 | Gauntlet | Noticed a sixfirhy
 16071 | Gauntlet | Found a transporter.
 16095 | Gauntlet | Found a transporter.
 16095 | Gauntlet | Found a transporter.
 16114 | Gauntlet | Found a runed translucent gate.
 16115 | Gauntlet | Found a transporter.
 16115 | Gauntlet | Found a transporter.
 16115 | Gauntlet | Found a runed translucent gate.
 16116 | Gauntlet | Found a runed translucent gate.
 16122 | Gauntlet | Found a large runed translucent door.
 16122 | Gauntlet | Found a large runed translucent door.
 16123 | Gauntlet | Found a large runed translucent door.
 16124 | Gauntlet | Found a large runed translucent door.
 16125 | Gauntlet | Found a large runed translucent door.
 16125 | Gauntlet | Found a large runed translucent door.
 16126 | Gauntlet | Found a large runed translucent door.
 16127 | Gauntlet | Found a large runed translucent door.
 16133 | Gauntlet | Found a runed translucent door.
 16134 | Gauntlet | Found a transporter.
 16135 | Gauntlet | Found a runed translucent door.
 16136 | Gauntlet | Found a large runed translucent door.
 16136 | Gauntlet | Found a large runed translucent door.
 16144 | Gauntlet | Found a large runed translucent door.
 16145 | Gauntlet | Found a large runed translucent door.
 16238 | Gauntlet | Found a transporter.
 16256 | Gauntlet | Found a transporter.
 16256 | Gauntlet | Found a transporter.
 16271 | Gauntlet | Found a transporter.
 16271 | Gauntlet | Found a transporter.
 16274 | Gauntlet | Found a runed translucent gate.
 16274 | Gauntlet | Found a runed translucent gate.
 16286 | Gauntlet | Found a transporter.
 16510 | Gauntlet | Killed a sixfirhy
 16511 | Gauntlet | Reached skill level 1 in Shields
 16856 | Gauntlet | Noticed a minotaur
 16864 | Gauntlet | Demolished by a minotaur

Illustrated notes

Levels and vault maps discovered:
D:1:      tarquinn_simple_flora_water_e, layout_basic, basic_ecumenical_altar,
          chequers_arboretum
D:2:      layout_basic, uniq_terence
D:3:      layout_basic, uniq_jessica, uniq_ijyb
D:4:      layout_loops_ring, serial_shops, nicolae_shop_stone, uniq_edmund
D:5:      layout_loops_ring, mainiacjoe_overflow_six_doors_small,
          trog_three_pillars_becter, minmay_temple_entry_junction,
          uniq_prince_ribbit1
D:6:      layout_cave_pools, gammafunk_ghost_grave, portal_sewer_entry_d,
          hangedman_decor_clover_reticule, roderic_roman_lattice, uniq_pikel,
          uniq_maggie, uniq_eustachio, uniq_crazy_yiuf_cottage
D:7:      layout_rooms, lemuel_doored_altar, grunt_temple_overflow_open,
          ebering_ghost_gozag, grunt_ministairs_2
D:8:      layout_layer_cave, mainiacjoe_overflow_catch_the_wave,
          gammafunk_ghost_berserking_beasts, kennysheep_generic_room_8
D:9:      layout_basic, lair_entry_dummy, gammafunk_ghost_stat_death,
          hangedman_weighted_door, uniq_psyche
D:10:     layout_loops_corners, david_orc_1_choice, serial_shops,
          nicolae_lakefront_shop, grunt_ministairs_7, uniq_erolcha
Temple:   kb_corrupted_temple
Lair:1:   minmay_lair_venomous_thicket, layout_gridlike, gauntlet_entry_generic,
          grunt_megastairs_1, serial_bayou_shore_b, minmay_lair_oklob_chamber
Gauntlet: minmay_gauntlet_mixed_big_or_small
          [minmay_gauntlet_arena_make_your_own_arena,
          minmay_gauntlet_arena_77_run_for_it, gammafunk_gauntlet_arena_split_x,
          minmay_gauntlet_arena_77_museum, gammafunk_gauntlet_arena_corners,
          minmay_gauntlet_arena_77_squiggly, gauntlet_exit_watery]

Skill      XL: |  1  2  3  4  5  6  7  8  9 10 11 12 |
---------------+-------------------------------------+-----
Short Blades   | 2 4 5 6 7 9 10 | 10.2
Dodging        | 3 4 5 6 8 9 |  9.1
Ice Magic      | 1 2 3 |  3.0
Hexes          | 4 5 7 8 |  8.0
Stealth        | 6 7 8 10 12 | 12.0
Invocations    | 1 4 6 8 |  8.6
Fighting       | 1 4 6 |  6.0
Spellcasting   | 3 |  3.0
Conjurations   | 3 |  3.0
Shields        | 2 |  2.1
Translocations | |  0.1

Action                   |  1- 3 |  4- 6 |  7- 9 | 10-12 || total
-------------------------+-------+-------+-------+-------++-------
Melee: Dagger            |   125 |    86 |   108 |    91 ||   410
       Short sword       |       |       |       |   209 ||   209
 Cast: Corona            |    22 |     2 |       |       ||    24
       Ensorcelled Hiber |    19 |    35 |    31 |    69 ||   154
       Confusing Touch   |       |       |     2 |    17 ||    19
       Tukima's Dance    |       |       |       |     2 ||     2
       Dazzling Flash    |       |       |       |    24 ||    24
Invok: Line Pass         |       |       |       |     1 ||     1
  Use: Scroll            |     2 |     6 |     5 |     3 ||    16
       Potion            |       |       |     1 |       ||     1
 Stab: Sleeping          |    15 |    41 |    31 |    62 ||   149
       Confused          |       |       |     2 |    16 ||    18
       Distracted        |       |       |     1 |       ||     1
       Paralysed         |       |       |       |     9 ||     9
       Invisible         |       |       |       |    21 ||    21
Armor: Robe              |    22 |     6 |    17 |    43 ||    88
Dodge: Dodged            |   123 |    38 |    68 |   315 ||   544
Block: Buckler           |       |       |       |    26 ||    26

Table legend: (Time is in decaauts)
 A = Elapsed time spent in this place.
 B = Non-inter-level travel time spent in this place.
 C = Inter-level travel time spent in this place.
 D = Time resting spent in this place.
 E = Time spent auto-exploring this place.
 F = Levels seen in this place.
 G = Mean time per level.
                   A        B        C        D        E       F      G
               +--------+--------+--------+--------+--------+-----+--------+
         Total |  16826 |  15799 |   1027 |    714 |  12258 |  14 | 1201.9 |
       Dungeon |  14971 |  13963 |   1008 |    503 |  11415 |  10 | 1497.1 |
        Temple |    130 |    111 |     19 |      0 |    104 |   1 |  130.0 |
          Lair |     90 |     90 |      0 |      0 |     65 |   1 |   90.0 |
         Sewer |    813 |    813 |      0 |      0 |    573 |   1 |  813.0 |
      Gauntlet |    821 |    821 |      0 |    211 |    101 |   1 |  821.0 |
               +--------+--------+--------+--------+--------+-----+--------+

Top non-repeatable levels by time:
    D:10: 2152 daAuts
     D:1: 2066 daAuts
     D:9: 1916 daAuts
     D:2: 1803 daAuts
     D:8: 1750 daAuts
     D:7: 1261 daAuts
     D:6: 1104 daAuts
     D:3: 1029 daAuts
     D:5: 955 daAuts
     D:4: 931 daAuts
Gauntlet: 821 daAuts
   Sewer: 813 daAuts
  Temple: 130 daAuts
  Lair:1: 90 daAuts
